[Event "Titled Tuesday Blitz February 22 Late 2022"]
[White "Stanisz, Patryk"]
[Black "Desideri, Ricardo Maruchi"]
[WhiteFideId "1123106"]
[BlackFideId "2110440"]
[WhiteElo "1876"]
[BlackElo "1945"]
[Result "1-0"]
[Round "07"]
[TimeControl "180+1"]
[Date "2022.02.23"]
[WhiteClock "0:00:09"]
[BlackClock "0:00:03"]

1. Nf3 c5 2. c4 e6 3. Nc3 a6 4. e4 d6 5. d4 cxd4 6. Nxd4 b6 7. Be3 Bb7 8. Be2 Nd7 9. O-O Ngf6 10. f3 Be7 11. Qd2 O-O 12. Rac1 Qc7 13. Rfd1 Rac8 14. Bf1 Qb8 15. Qf2 Bd8 16. a4 Bc7 17. g3 Ne5 18. b3 Rfe8 19. Nc2 d5 20. Bxb6 Nxf3+ 21. Kh1 dxe4 22. Bg2 Be5 23. Ne3 Bc6 24. a5 Red8 25. Rxd8+ Rxd8 26. Bxd8 Qxd8 27. Rd1 Bd4 28. Qe2 Qxa5 29. Nb1 e5 30. Nf5 Ng4 31. Ne7+ Kf8 32. Nxc6 Qa1 33. Bxf3 exf3 34. Qxf3 Nf2+ 35. Kg2 Nxd1 36. Qd5 g6 37. Qd6+ Kg7 38. Nd2 Qb2 39. Nxe5 Qxd2+ 40. Kh3 1-0


[Site "https://www.chess.com"]

[Event "Titled Tuesday Blitz February 22 Late 2022"]
[White "Sviridov, Valery"]
[Black "Ponkratov, Pavel"]
[WhiteFideId "4120680"]
[BlackFideId "4157800"]
[WhiteElo "2454"]
[BlackElo "2487"]
[Result "0-1"]
[Round "07"]
[TimeControl "180+1"]
[Date "2022.02.22"]
[WhiteClock "0:01:19"]
[BlackClock "0:01:19"]

1. Nf3 Nf6 2. g3 c5 3. Bg2 Nc6 4. O-O e5 5. c4 d5 6. Nc3 d4 7. Na4 Bd6 8. d3 h6 9. a3 a5 10. e3 O-O 11. exd4 exd4 12. Re1 Bf5 13. Qb3 Rb8 14. Bd2 b6 15. Nh4 Bd7 16. Qc2 Qc7 17. Re2 Rfe8 18. Rae1 Rxe2 19. Rxe2 Re8 20. Rxe8+ Bxe8 21. Qb3 Nd7 22. Nf5 Bf8 23. Bf4 Nce5 24. Nxb6 Nxb6 25. Be4 Nbd7 26. h4 h5 27. Qb5 g6 28. Nh6+ Bxh6 29. Bxh6 Nf6 30. Qa6 Nxe4 31. dxe4 Qc6 32. Qxa5 Kh7 33. Bf4 Nf3+ 34. Kf1 Qxe4 35. Qxc5 Bd7 0-1


[Site "https://www.chess.com"]

[Event "Titled Tuesday Blitz February 22 Late 2022"]
[White "Tan, Jun Ying"]
[Black "Kosakowski, Jakub"]
[WhiteFideId "5710413"]
[BlackFideId "1185080"]
[WhiteElo "1827"]
[BlackElo "2476"]
[Result "0-1"]
[Round "07"]
[TimeControl "180+1"]
[Date "2022.02.22"]
[WhiteClock "0:00:37"]
[BlackClock "0:01:34"]

1. d4 d5 2. c4 e6 3. Nc3 Nf6 4. cxd5 exd5 5. Bg5 Be7 6. e3 c6 7. Bd3 Nbd7 8. Qc2 h6 9. Bh4 Nh5 10. Bxe7 Qxe7 11. Nge2 Nb6 12. O-O-O Be6 13. h3 O-O-O 14. Kb1 Kb8 15. g4 Nf6 16. Ng3 h5 17. g5 Nfd7 18. f4 g6 19. h4 Bg4 20. Rde1 c5 21. f5 Qd6 22. Rhg1 Rhg8 23. Nb5 Qc6 24. dxc5 Nxc5 25. Rc1 Nxd3 26. Qxd3 Nc4 27. Nd4 Qb6 28. Rg2 Rge8 29. Re1 Qb4 30. Qc3 Qxc3 31. bxc3 Nxe3 32. Nf1 Nxg2 33. Rxe8 Rxe8 0-1


[Site "https://www.chess.com"]

[Event "Titled Tuesday Blitz February 22 Late 2022"]
[White "Tari, Aryan"]
[Black "Salimova, Nurgyul"]
[WhiteFideId "1510045"]
[BlackFideId "2915138"]
[WhiteElo "2877"]
[BlackElo "2621"]
[Result "1-0"]
[Round "07"]
[TimeControl "180+1"]
[Date "2022.02.23"]
[WhiteClock "0:00:14"]
[BlackClock "0:00:01"]

1. a3 b6 2. b4 Bb7 3. Bb2 Nf6 4. e3 g6 5. c4 Bg7 6. Nf3 O-O 7. Nc3 c5 8. Be2 e6 9. O-O Qe7 10. Rb1 Rc8 11. Ba1 cxb4 12. axb4 Nc6 13. c5 Nd8 14. d4 d6 15. cxd6 Qxd6 16. b5 Ne4 17. Nxe4 Bxe4 18. Bd3 Qd5 19. Bxe4 Qxe4 20. Nd2 Qd5 21. e4 Qd7 22. Nf3 Nb7 23. Qd3 Rd8 24. h4 Rac8 25. h5 Nd6 26. Rfd1 Qb7 27. d5 Bxa1 28. Rxa1 exd5 29. exd5 Rc5 30. Ne5 Nf5 31. Nc6 Rdxd5 32. Qe4 Rxd1+ 33. Rxd1 Kg7 34. Qe8 Qc7 35. g3 Nxg3 36. h6+ Kxh6 37. Qe3+ Kg7 38. fxg3 Rf5 39. Qd4+ f6 40. Qe3 Qf7 41. Nd8 Qc7 42. Ne6+ 1-0


[Site "https://www.chess.com"]

[Event "Titled Tuesday Blitz February 22 Late 2022"]
[White "Terry, Renato"]
[Black "Chigaev, Maksim"]
[WhiteFideId "3803457"]
[BlackFideId "4108116"]
[WhiteElo "2577"]
[BlackElo "2502"]
[Result "1-0"]
[Round "07"]
[TimeControl "180+1"]
[Date "2022.02.22"]
[WhiteClock "0:00:05"]
[BlackClock "0:00:03"]

1. d4 d5 2. Bg5 f6 3. Bf4 Nc6 4. Nf3 g5 5. Bc1 g4 6. Nh4 e5 7. e3 f5 8. g3 e4 9. c4 Nf6 10. Nc3 Ne7 11. h3 c6 12. Ng2 Bg7 13. hxg4 fxg4 14. Nf4 h5 15. Qb3 a6 16. Bd2 b5 17. cxd5 cxd5 18. a4 bxa4 19. Nxa4 Bf5 20. Nc5 Kf7 21. Rxa6 Rxa6 22. Bxa6 Bh6 23. Ng2 Bg5 24. Qb7 Qb8 25. b4 Qd6 26. Be2 Rb8 27. Qa6 Rb6 28. Qa7 Kg6 29. b5 Nc8 30. Qa8 Rb8 31. Qa6 Nb6 32. Qa2 Ra8 33. Na6 Nc4 34. O-O h4 35. gxh4 Rh8 36. Bxc4 Bxh4 37. Nf4+ Kg5 38. Bb4 Qd7 39. Bxd5 Qh7 40. Ra1 Bxf2+ 41. Kxf2 Qh4+ 42. Ke2 Qh2+ 43. Kd1 Qg1+ 44. Kd2 Rh2+ 45. Ne2 Qf2 46. Re1 g3 47. Bd6 Ng4 48. Bf4+ Kh5 49. Bf7+ Bg6 50. Bxg6+ Kh4 51. Qg8 Kh3 52. Qh7+ Kg2 53. Bxe4+ 1-0


[Site "https://www.chess.com"]

[Event "Titled Tuesday Blitz February 22 Late 2022"]
[White "Toncheva, Nadya"]
[Black "Migot, Tangi"]
[WhiteFideId "2924056"]
[BlackFideId "662445"]
[WhiteElo "1920"]
[BlackElo "2497"]
[Result "0-1"]
[Round "07"]
[TimeControl "180+1"]
[Date "2022.02.23"]
[WhiteClock "0:00:04"]
[BlackClock "0:00:52"]

1. e4 c6 2. d4 Na6 3. Nf3 Nc7 4. Bd3 d5 5. O-O Bg4 6. h3 Bxf3 7. Qxf3 dxe4 8. Qxe4 Nf6 9. Qe2 Qxd4 10. Rd1 Rd8 11. Nc3 Qh4 12. Be3 e6 13. Bxa7 Ncd5 14. Ne4 Nf4 15. Qf3 Nxd3 16. Nxf6+ Qxf6 17. Rxd3 Qxf3 18. Rxf3 Rd2 19. Rc3 Be7 20. Be3 Rd5 21. Rb3 Rd7 22. Kf1 Kd8 23. Bb6+ Kc8 24. Ke2 Bd8 25. Be3 Bf6 26. a4 Kc7 27. a5 Bd4 28. a6 b5 29. a7 Ra8 30. Bxd4 Rxd4 31. Rg3 g6 32. Rf3 Rd7 33. Rc3 Kb6 34. Ke3 Raxa7 35. Rxa7 Rxa7 36. Rd3 f6 37. Rd6 Re7 38. b3 Kc7 39. Rd2 Rd7 40. Re2 e5 41. f4 Re7 42. Kf3 Kd6 43. fxe5+ Rxe5 44. Rd2+ Ke6 45. Rd8 Rc5 46. Rd2 h5 47. h4 Kf5 48. g3 Rc3+ 49. Kg2 g5 50. hxg5 fxg5 51. Re2 c5 52. Rd2 Kg4 53. b4 Rxg3+ 54. Kh2 Rc3 55. bxc5 Rxc5 56. Rd4+ Kf5 57. Kg3 Rc3+ 58. Kg2 Rxc2+ 59. Kg3 Rc3+ 60. Kg2 Rc5 61. Rd8 h4 62. Rd4 Re5 63. Rd8 b4 64. Rf8+ Kg4 65. Rb8 Re2+ 66. Kf1 Re4 67. Rb5 h3 68. Kg1 Kh4 69. Kh1 g4 70. Kg1 Kg3 71. Kf1 h2 72. Rh5 Rf4+ 73. Ke2 b3 74. Ke3 Rf3+ 75. Ke4 Kg2 76. Rh4 g3 0-1


[Site "https://www.chess.com"]

[Event "Titled Tuesday Blitz February 22 Late 2022"]
[White "Vidit, Santosh Gujrathi"]
[Black "Saraci, Nderim"]
[WhiteFideId "5029465"]
[BlackFideId "6351921"]
[WhiteElo "2654"]
[BlackElo "2573"]
[Result "1-0"]
[Round "07"]
[TimeControl "180+1"]
[Date "2022.02.22"]
[WhiteClock "0:00:05"]
[BlackClock "0:00:01"]

1. d4 Nf6 2. c4 e6 3. Nf3 d5 4. g3 Be7 5. Bg2 O-O 6. O-O dxc4 7. Qc2 a6 8. a4 Bd7 9. Qxc4 Bc6 10. Bf4 Nbd7 11. Nc3 Bd6 12. Be3 h6 13. Rfd1 Nd5 14. Bd2 Nxc3 15. Qxc3 a5 16. Qc2 Nf6 17. Ne1 Bxg2 18. Kxg2 Nd5 19. e4 Nb4 20. Qb3 c6 21. Nf3 Re8 22. h4 Rc8 23. Rac1 Bf8 24. Bf4 Bd6 25. Be3 Bf8 26. Qc4 Qb6 27. b3 Qa6 28. Ne5 Bd6 29. Qxa6 Nxa6 30. Nc4 Bc7 31. Bd2 Nb4 32. Bxb4 axb4 33. d5 exd5 34. exd5 Rcd8 35. dxc6 bxc6 36. Rxd8 Rxd8 37. a5 Kf8 38. Ra1 Ke7 39. a6 Ra8 40. Kf3 f5 41. Ke3 c5 42. Kd3 Kd7 43. Ne3 f4 44. Nd5 fxg3 45. fxg3 Kc6 46. Nxc7 Kxc7 47. a7 Kc6 48. Kc4 h5 49. Ra6+ Kb7 50. Rg6 Kxa7 51. Rxg7+ Kb6 52. Rg6+ Ka5 53. Rg5 Re8 54. Rxc5+ Ka6 55. Rxh5 Re4+ 56. Kd3 Re1 57. Rg5 Rc1 58. h5 Rc3+ 59. Kd4 Rxb3 60. h6 Rb1 61. Rh5 b3 62. h7 b2 63. Kc3 Rc1+ 64. Kxb2 Rc8 65. h8=Q 1-0


[Site "https://www.chess.com"]

[Event "Titled Tuesday Blitz February 22 Late 2022"]
[White "Vine, Elzbieta"]
[Black "Thomas, Anysia"]
[WhiteFideId "1119320"]
[BlackFideId "670472"]
[WhiteElo "1879"]
[BlackElo "2002"]
[Result "0-1"]
[Round "07"]
[TimeControl "180+1"]
[Date "2022.02.23"]
[WhiteClock "0:00:07"]
[BlackClock "0:00:06"]

1. e4 c5 2. Nf3 Nc6 3. d4 cxd4 4. Nxd4 g6 5. Nc3 Bg7 6. Be3 Nf6 7. Qd2 O-O 8. O-O-O d5 9. f3 dxe4 10. Nxe4 Nxe4 11. fxe4 Bg4 12. Nf3 Qc7 13. Bd3 Ne5 14. h3 Bxf3 15. gxf3 Rfd8 16. Qe2 Rac8 17. f4 Nc6 18. h4 Nb4 19. Kb1 Qa5 20. a3 Nc6 21. h5 Nd4 22. Bxd4 Bxd4 23. hxg6 fxg6 24. Qh2 Qb6 25. Qxh7+ Kf8 26. b4 Rc3 27. e5 Ke8 28. Bxg6+ Kd7 29. Bf5+ Kc7 30. Qxe7+ Kb8 0-1


[Site "https://www.chess.com"]

[Event "Titled Tuesday Blitz February 22 Late 2022"]
[White "Virtanen, Teemu"]
[Black "Hjartarson, Johann"]
[WhiteFideId "509850"]
[BlackFideId "2300044"]
[WhiteElo "2477"]
[BlackElo "2636"]
[Result "0-1"]
[Round "07"]
[TimeControl "180+1"]
[Date "2022.02.23"]
[WhiteClock "0:00:02"]
[BlackClock "0:00:12"]

1. c4 c5 2. g3 g6 3. Bg2 Bg7 4. Nc3 Nc6 5. e3 Nf6 6. Nge2 O-O 7. O-O d6 8. h3 Bd7 9. d4 a6 10. b3 Rb8 11. a4 Qc8 12. Kh2 Rd8 13. Bb2 Na5 14. Qc2 cxd4 15. Nxd4 e5 16. Nde2 Bf5 17. e4 Be6 18. Rfd1 Nc6 19. Ba3 Bf8 20. Rac1 h5 21. Qd2 Kh7 22. Nd5 Ng8 23. f4 f5 24. Rf1 Qd7 25. Nec3 Nd4 26. Qd1 Bg7 27. Ne2 fxe4 28. Nxd4 exd4 29. Bxe4 Bf5 30. Bg2 Re8 31. Bb2 b5 32. axb5 axb5 33. Bxd4 bxc4 34. bxc4 Be4 35. Re1 Bxg2 36. Rxe8 Qxh3+ 37. Kg1 Bxd5 38. cxd5 Qxg3+ 39. Kh1 Qh4+ 40. Kg1 Rxe8 41. Bf6 0-1


[Site "https://www.chess.com"]

[Event "Titled Tuesday Blitz February 22 Late 2022"]
[White "Vovk, Orest"]
[Black "Sliwicki, Damian"]
[WhiteFideId "14113490"]
[BlackFideId "1127128"]
[WhiteElo "2645"]
[BlackElo "2449"]
[Result "1-0"]
[Round "07"]
[TimeControl "180+1"]
[Date "2022.02.23"]
[WhiteClock "0:00:05"]
[BlackClock "0:00:02"]

1. h4 d5 2. h5 e5 3. h6 Nxh6 4. d4 exd4 5. Bxh6 gxh6 6. Qxd4 Rg8 7. Nc3 Be6 8. O-O-O Nc6 9. Qh4 Be7 10. Qh2 Qd7 11. Nf3 O-O-O 12. e3 Rg6 13. Bb5 Bd6 14. Qh4 a6 15. Ba4 Rxg2 16. Nd4 Rg4 17. Bxc6 bxc6 18. Qxh6 Rdg8 19. Qxh7 c5 20. Nxe6 fxe6 21. Qxd7+ Kxd7 22. Rh7+ Kc6 23. Rh6 R8g6 24. Rxg6 Rxg6 25. Kd2 d4 26. Ne4 Kd5 27. Nxd6 cxd6 28. Ke2 e5 29. c3 Rg4 30. Kf3 Rh4 31. Kg3 Rh8 32. cxd4 cxd4 33. exd4 e4 34. Rd2 Rg8+ 35. Kf4 Rf8+ 36. Ke3 a5 37. Ke2 a4 38. Kd1 Kc4 39. d5 Rf5 40. Ke2 Re5 41. Ke3 Kb4 42. Rd4+ Kc5 43. Rxe4 Rxd5 44. Rxa4 Rd1 45. b3 Kb5 46. Ke2 Rb1 47. Ra8 Kb4 48. f4 d5 49. Ke3 Kc3 50. Rc8+ Kb2 51. Kd4 Rd1+ 52. Ke5 Kxa2 53. Rd8 1-0


[Site "https://www.chess.com"]

[Event "Titled Tuesday Blitz February 22 Late 2022"]
[White "Vusatiuk, Vladimir"]
[Black "Farmani Anosheh, Armin"]
[WhiteFideId "14118610"]
[BlackFideId "24613240"]
[WhiteElo "2157"]
[BlackElo "2289"]
[Result "1-0"]
[Round "07"]
[TimeControl "180+1"]
[Date "2022.02.23"]
[WhiteClock "0:00:15"]
[BlackClock "0:00:09"]

1. e4 c5 2. Nf3 d6 3. c3 Nf6 4. h3 g6 5. Bd3 Bg7 6. O-O O-O 7. Bc2 e5 8. d3 Nc6 9. a3 Nh5 10. b4 b6 11. Nbd2 Nf4 12. Nc4 g5 13. Ne3 Nxh3+ 14. gxh3 Bxh3 15. Re1 g4 16. Nh2 Qh4 17. Nf5 Qh5 18. b5 Nd8 19. Re3 Bf6 20. Rg3 Bh4 21. Nxh4 Qxh4 22. Nxg4 Kh8 23. Qf3 Rg8 24. Qf6+ Qxf6 25. Nxf6 Rxg3+ 26. fxg3 Ne6 27. Be3 Kg7 28. Kh2 Kxf6 29. Kxh3 Kg6 30. Rf1 f6 31. Bd1 Rd8 32. Bg4 Ng7 33. Bf5+ Kf7 34. c4 h5 35. a4 a5 36. bxa6 Ra8 37. Rb1 Rxa6 38. Bc8 Rxa4 39. Rxb6 Ra3 40. Rxd6 Ke7 41. Rd7+ Kf8 42. Bxc5+ Kg8 43. Bxa3 1-0


[Site "https://www.chess.com"]

[Event "Titled Tuesday Blitz February 22 Late 2022"]
[White "Wan, Joseph"]
[Black "Romanchuk, Viktor"]
[WhiteFideId "2069890"]
[BlackFideId "14109271"]
[WhiteElo "2731"]
[BlackElo "2545"]
[Result "1-0"]
[Round "07"]
[TimeControl "180+1"]
[Date "2022.02.23"]
[WhiteClock "0:00:13"]
[BlackClock "0:00:00"]

1. d4 d5 2. Bf4 Nf6 3. e3 c5 4. Nf3 Nc6 5. Nbd2 Qb6 6. dxc5 Qxb2 7. c4 e6 8. Rc1 Be7 9. Be2 O-O 10. cxd5 Nxd5 11. Bg3 Nc3 12. Qc2 Qxc2 13. Rxc2 Nxe2 14. Kxe2 Nb4 15. Rc4 a5 16. a3 Na6 17. Rhc1 Bd7 18. R4c3 Rfc8 19. Ne4 Bc6 20. Nd6 Rd8 21. Nd4 Bd5 22. N4b5 h6 23. f3 f6 24. e4 Bc6 25. Nd4 e5 26. N4f5 Bf8 27. Bf2 g6 28. Nh4 Kh7 29. Be3 Nxc5 30. Bxc5 Bxd6 31. g3 Bxc5 32. Rxc5 Rd4 33. Ng2 Rad8 34. R1c2 Rd3 35. Rxa5 Rb3 36. Ra7 Kh8 37. Nh4 Bb5+ 38. Kf2 Be8 39. Kg2 Kg8 40. Kh3 h5 41. a4 Rb8 42. Rc7 Rb4 43. a5 Ra4 44. g4 hxg4+ 45. Kxg4 Kf8 46. Rh7 Kg8 47. Rc7 Kf8 48. Ng2 Kg8 49. Ne3 Rd4 50. Nd5 f5+ 51. Kg5 fxe4 52. Nf6+ Kf8 53. Nh7+ Kg8 54. Nf6+ Kf8 55. fxe4 Rd6 56. Nh7+ 1-0


[Site "https://www.chess.com"]

[Event "Titled Tuesday Blitz February 22 Late 2022"]
[White "Weetik, Vjacheslav"]
[Black "Devaev, Alexander"]
[WhiteFideId "4153472"]
[BlackFideId "4169395"]
[WhiteElo "2469"]
[BlackElo "2185"]
[Result "0-1"]
[Round "07"]
[TimeControl "180+1"]
[Date "2022.02.23"]
[WhiteClock "0:00:15"]
[BlackClock "0:00:28"]

1. e4 c6 2. d4 d5 3. e5 Bf5 4. h4 Qb6 5. Nc3 h6 6. g4 Bd7 7. h5 e6 8. f4 c5 9. Nf3 Nc6 10. Be3 cxd4 11. Nxd4 Nxd4 12. Qxd4 Qa5 13. a3 Ne7 14. b4 Qd8 15. Nb5 Bxb5 16. Bxb5+ Nc6 17. f5 Be7 18. O-O Bg5 19. f6 gxf6 20. exf6 Rg8 21. Bxg5 Rxg5 22. Rf4 Qd6 23. Raf1 a6 24. Bxc6+ Qxc6 25. c4 O-O-O 26. c5 e5 0-1


[Site "https://www.chess.com"]

[Event "Titled Tuesday Blitz February 22 Late 2022"]
[White "Winkels, Marcel"]
[Black "Aigner, Michael"]
[WhiteFideId "1003887"]
[BlackFideId "2017288"]
[WhiteElo "1900"]
[BlackElo "2405"]
[Result "0-1"]
[Round "07"]
[TimeControl "180+1"]
[Date "2022.02.23"]
[WhiteClock "0:02:30"]
[BlackClock "0:02:46"]

1. e4 c5 2. Nf3 Nc6 3. Bb5 g6 4. O-O Bg7 5. Re1 Nd4 6. Bc4 d6 7. c3 Nxf3+ 8. Qxf3 e6 9. d3 Ne7 10. Bg5 O-O 11. Bf6 Bxf6 12. Qxf6 Nc6 13. Bb3 Qxf6 0-1


[Site "https://www.chess.com"]

[Event "Titled Tuesday Blitz February 22 Late 2022"]
[White "Wu, Christopher"]
[Black "Gimenez Aguirre, Alejo Ismael"]
[WhiteFideId "2040875"]
[BlackFideId "32041667"]
[WhiteElo "2641"]
[BlackElo "2493"]
[Result "1/2-1/2"]
[Round "07"]
[TimeControl "180+1"]
[Date "2022.02.23"]
[WhiteClock "0:00:03"]
[BlackClock "0:00:45"]

1. d4 Nf6 2. c4 e6 3. Nf3 Bb4+ 4. Nbd2 O-O 5. g3 b6 6. Bg2 Bb7 7. O-O d5 8. Ne5 Nbd7 9. Qc2 Nxe5 10. dxe5 Nd7 11. f4 f6 12. exf6 Nxf6 13. h3 Nh5 14. Kh2 Bd6 15. Nf3 dxc4 16. Qxc4 Bd5 17. Qc2 Nf6 18. b3 Qe8 19. Bb2 Qh5 20. Bxf6 gxf6 21. e4 Bb7 22. Rae1 Kh8 23. e5 fxe5 24. Nxe5 Bxg2 25. Qxg2 Rad8 26. Nc4 Qd5 27. Rd1 Qf5 28. Rfe1 Bb4 29. Rxd8 Rxd8 30. Re5 Qb1 31. Rxe6 b5 32. Qe2 Bc3 33. Re8+ Rxe8 34. Qxe8+ Kg7 35. Qe7+ Kg8 36. Qe8+ Kg7 37. Qe7+ Kg8 38. Qe8+ Kg7 1/2-1/2


[Site "https://www.chess.com"]

[Event "Titled Tuesday Blitz February 22 Late 2022"]
[White "Yordanov, Nikolay Plamenov"]
[Black "Yuan, Qingyu"]
[WhiteFideId "2907445"]
[BlackFideId "8609772"]
[WhiteElo "2248"]
[BlackElo "2359"]
[Result "0-1"]
[Round "07"]
[TimeControl "180+1"]
[Date "2022.02.22"]
[WhiteClock "0:00:08"]
[BlackClock "0:00:33"]

1. d4 d5 2. Bf4 Nf6 3. e3 e6 4. Nf3 Bd6 5. Bg3 O-O 6. Nbd2 c5 7. c3 Qc7 8. Bd3 Nbd7 9. O-O Bxg3 10. hxg3 e5 11. dxe5 Nxe5 12. Nxe5 Qxe5 13. Nf3 Qe7 14. Qa4 Bg4 15. Qf4 h6 16. Bf5 Bxf5 17. Qxf5 Rad8 18. Rfd1 Rd6 19. Ne5 Rfd8 20. Ng4 Ne4 21. Qf4 h5 22. f3 g5 23. Qe5 Re6 24. Nh6+ Kh7 25. Qf5+ Kxh6 26. fxe4 Rf6 27. Qh3 Qxe4 28. Rf1 Qxe3+ 29. Kh2 Qe5 30. Rae1 Qd6 31. Rf5 d4 32. cxd4 cxd4 33. Ref1 Rxf5 34. Qxf5 Qg6 35. Qe5 d3 36. Rf6 d2 37. Rf1 h4 38. gxh4 gxh4 39. Qf4+ Kg7 40. Rd1 Qd6 41. Qxd6 Rxd6 42. Kh3 Rd4 43. g3 hxg3 44. Kxg3 Kg6 45. Kf3 Kg5 46. Ke3 Rd8 47. Ke2 Re8+ 48. Kf2 Rd8 49. Ke2 Kf4 50. Rf1+ Ke4 51. Rd1 f5 52. Rxd2 Rxd2+ 53. Kxd2 Kf3 54. Ke1 Kg2 55. Ke2 f4 0-1


[Site "https://www.chess.com"]

[Event "Titled Tuesday Blitz February 22 Late 2022"]
[White "Zhou, Qiyu"]
[Black "Aukhatov, Roman"]
[WhiteFideId "505161"]
[BlackFideId "44150768"]
[WhiteElo "1925"]
[BlackElo "2112"]
[Result "0-1"]
[Round "07"]
[TimeControl "180+1"]
[Date "2022.02.23"]
[WhiteClock "0:00:02"]
[BlackClock "0:00:17"]

1. e4 c5 2. Nf3 e6 3. d4 cxd4 4. Nxd4 a6 5. c4 Qc7 6. Nc3 b6 7. Bd3 Bb7 8. Be3 Nf6 9. f3 Be7 10. O-O O-O 11. Rc1 d6 12. Qe2 Nbd7 13. Rfd1 Rac8 14. b3 Qb8 15. Qf2 Rfe8 16. Nde2 Bd8 17. Na4 Bc6 18. Nb2 Bc7 19. g3 h5 20. Bg5 Ba8 21. Nd4 e5 22. Nf5 b5 23. Be3 Nc5 24. Bf1 Ne6 25. Rd3 bxc4 26. Nxc4 d5 27. Ba7 Qb4 28. a3 Qf8 29. exd5 Bxd5 30. Nce3 Bb7 31. Rdc3 e4 32. f4 g6 33. Nd4 Nxd4 34. Bxd4 Nd5 35. Nxd5 Bxd5 36. Rxc7 Rxc7 37. Rxc7 e3 38. Bxe3 Qd6 39. Rc1 Qe6 40. Re1 Rc8 41. Bd4 Qg4 42. Qe3 f6 0-1


[Site "https://www.chess.com"]

[Event "Titled Tuesday Blitz February 22 Late 2022"]
[White "Zlatin, Alexander"]
[Black "Samarth, J Rao"]
[WhiteFideId "2810549"]
[BlackFideId "46652370"]
[WhiteElo "2228"]
[BlackElo "1514"]
[Result "1-0"]
[Round "07"]
[TimeControl "180+1"]
[Date "2022.02.23"]
[WhiteClock "0:00:31"]
[BlackClock "0:00:04"]

1. e4 c5 2. Nf3 d6 3. d4 cxd4 4. Nxd4 Nf6 5. Nc3 a6 6. f3 e5 7. Nb3 Be6 8. Be3 Be7 9. Qd2 h5 10. O-O-O Nbd7 11. Kb1 b5 12. Nd5 Bxd5 13. exd5 Nb6 14. Bxb6 Qxb6 15. Qa5 Qb7 16. c4 bxc4 17. Bxc4 O-O 18. Qa4 Nd7 19. Na5 Qb6 20. Nc6 Bf6 21. Qb3 Qc7 22. Qc2 Nb8 23. h4 Nxc6 24. dxc6 g6 25. g4 hxg4 26. fxg4 Kg7 27. Bd5 Rh8 28. g5 Be7 29. Rdf1 Rhf8 30. h5 Bxg5 31. Rfg1 Be3 32. Rg2 g5 33. Qf5 Qe7 34. h6+ Kh8 35. Rh3 Bf4 36. Rb3 Rab8 37. Rb7 Rxb7 38. cxb7 f6 39. Rc2 Rb8 40. Rc8+ Qf8 41. Rxf8+ 1-0


[Site "https://www.chess.com"]

[Event "Titled Tuesday Blitz February 22 Late 2022"]
[White "Zong, Davis"]
[Black "Adury, Anant"]
[WhiteFideId "30903955"]
[BlackFideId "30964687"]
[WhiteElo "2061"]
[BlackElo "2310"]
[Result "1-0"]
[Round "07"]
[TimeControl "180+1"]
[Date "2022.02.23"]
[WhiteClock "0:02:15"]
[BlackClock "0:02:40"]

1. e4 c6 2. d4 d5 3. exd5 cxd5 4. Bd3 Nc6 5. c3 g6 6. Bf4 Bg7 7. h3 Nf6 8. Nf3 O-O 9. Nbd2 a6 10. O-O Bf5 11. Bxf5 gxf5 12. Ne5 Nxe5 13. Bxe5 Ne4 14. Nxe4 dxe4 15. Bxg7 Kxg7 16. f3 exf3 17. Qxf3 e6 18. Qg3+ Kf6 19. Qe5+ Kg6 20. Rf3 1-0


[Site "https://www.chess.com"]

[Event "Titled Tuesday Blitz February 22 Late 2022"]
[White "volunteers1998"]
[Black "Lopez Perdomo, Juan David"]
[BlackFideId "4405137"]
[WhiteElo "2261"]
[BlackElo "1997"]
[Result "1-0"]
[Round "07"]
[TimeControl "180+1"]
[Date "2022.02.23"]
[WhiteClock "0:00:52"]
[BlackClock "0:00:01"]

1. e4 e6 2. Nf3 d5 3. Nc3 Nf6 4. e5 Nfd7 5. d4 c5 6. dxc5 Nc6 7. Bf4 Bxc5 8. Bd3 a6 9. O-O b5 10. Ne2 Qc7 11. c3 Ncxe5 12. Nxe5 Nxe5 13. Nd4 Bd6 14. Re1 Nxd3 15. Bxd6 Qxd6 16. Qxd3 O-O 17. b4 e5 18. Nb3 Bb7 19. Nc5 Bc6 20. Re3 a5 21. Rh3 f5 22. a3 axb4 23. cxb4 d4 24. Rd1 Qd5 25. f3 Rf6 26. Kf2 Rd8 27. Qc2 e4 28. Qb3 e3+ 29. Ke2 Qc4+ 30. Rd3 Be4 31. fxe4 fxe4 32. Nxe4 Rf2+ 33. Nxf2 exf2 34. Kxf2 Rf8+ 35. Rhf3 1-0


[Site "https://www.chess.com"]

[Event "Titled Tuesday Blitz February 22 Late 2022"]
[White "Abdrlauf, Elham"]
[Black "Garriga Cazorla, Pere"]
[WhiteFideId "1533533"]
[BlackFideId "32011601"]
[WhiteElo "2334"]
[BlackElo "2458"]
[Result "1-0"]
[Round "08"]
[TimeControl "180+1"]
[Date "2022.02.22"]
[WhiteClock "0:02:22"]
[BlackClock "0:01:58"]

1. e4 c5 2. Nf3 e6 3. c3 Nf6 4. e5 Nd5 5. d4 cxd4 6. cxd4 d6 7. exd6 Bxd6 8. Nc3 O-O 9. Bd3 Nf4 10. Bxf4 Bxf4 11. Qe2 g6 12. h4 Nc6 13. Qe4 Bc7 14. h5 e5 15. hxg6 hxg6 16. Qe3 exd4 17. Qh6 Re8+ 18. Kf1 Qf6 19. Nd5 1-0


[Site "https://www.chess.com"]

[Event "Titled Tuesday Blitz February 22 Late 2022"]
[White "Aigner, Michael"]
[Black "Bodnar, Nikolay"]
[WhiteFideId "2017288"]
[BlackFideId "14106469"]
[WhiteElo "2407"]
[BlackElo "2296"]
[Result "0-1"]
[Round "08"]
[TimeControl "180+1"]
[Date "2022.02.23"]
[WhiteClock "0:01:09"]
[BlackClock "0:01:03"]

1. e4 c5 2. Nc3 Nc6 3. g3 g6 4. Bg2 Bg7 5. d3 d6 6. f4 e5 7. Nh3 Nge7 8. O-O O-O 9. f5 gxf5 10. exf5 Bxf5 11. Rxf5 Nxf5 12. Qh5 Qf6 13. Be4 Ncd4 14. Nd5 Qg6 15. Ne7+ Nxe7 16. Bxg6 fxg6 17. Qd1 h6 18. c3 Nf3+ 19. Kg2 g5 20. Be3 Rf7 21. Qb3 Rf8 22. Nf2 Kh8 23. Ne4 Nf5 24. Bg1 g4 25. Qd5 Nxg1 26. Kxg1 Ne3 0-1


[Site "https://www.chess.com"]

[Event "Titled Tuesday Blitz February 22 Late 2022"]
[White "Andreikin, Dmitry"]
[Black "Bachmann, Axel"]
[WhiteFideId "4158814"]
[BlackFideId "3700488"]
[WhiteElo "2736"]
[BlackElo "2642"]
[Result "1-0"]
[Round "08"]
[TimeControl "180+1"]
[Date "2022.02.22"]
[WhiteClock "0:00:12"]
[BlackClock "0:00:38"]

1. d4 Nf6 2. c4 e6 3. Nf3 Bb4+ 4. Bd2 a5 5. g3 O-O 6. Bg2 d5 7. O-O dxc4 8. a3 Bxd2 9. Qxd2 b5 10. a4 c6 11. Ne5 Ra6 12. Nc3 b4 13. Ne4 Nxe4 14. Bxe4 c5 15. Rfd1 Rd6 16. Qc2 Rxd4 17. e3 b3 18. Bxh7+ Kh8 19. Qe2 Rxd1+ 20. Rxd1 Qf6 21. Qh5 Qh6 22. Nxf7+ Rxf7 23. Qxf7 Kxh7 24. Qc7 Qh5 25. Rf1 Qd5 26. Qxc8 Nc6 27. f4 Qe4 28. Rf2 c3 29. bxc3 Qxe3 30. Qxc6 b2 31. Qb5 1-0


[Site "https://www.chess.com"]